 Dungeon Crawl Stone Soup version 0.14-a0-1076-gee4852e (webtiles) character file.

148 PolkaDot the Ruinous (level 3, -4/24 HPs)
             Began as a Vampire Conjurer on Nov 26, 2013.
             Killed by divine providence
             ... invoked by an orc priest
              (15 damage)
             ... on Level 3 of the Dungeon.
             The game lasted 00:04:13 (1682 turns).

PolkaDot the Ruinous (Vampire Conjurer)             Turns: 1682, Time: 00:04:13

HP  -4/24        AC  2     Str  7      XL: 3   Next: 98%
MP   4/6         EV 12     Int 18      God:
Gold 81          SH  0     Dex 14      Spells:  2 memorised,  1 level left

rFire  . . .     SeeInvis +     b - +1 dagger (drain)
rCold  . . .     Clarity  .     a - +0 robe
rNeg   . . .     Conserve .     (no shield)
rPois  .         rCorr    .     (no helmet)
rElec  .         rRot     .     (no cloak)
SustAb . .       Spirit   .     (no gloves)
rMut   .         Warding  .     (no boots)
Saprov . . .     Stasis   .     (no amulet)
                                (no ring)
                                (no ring)

@: regenerating quickly, very slightly contaminated, slightly resistant to
hostile enchantments, stealthy
A: fangs 3, see invisible, unbreathing
a: no special abilities


You were on level 3 of the Dungeon.
You were very full.

You visited 1 branch of the dungeon, and saw 3 of its levels.

You collected 81 gold pieces.

Inventory:

Hand weapons
 b - a +1,+1 dagger of draining (weapon)
Armour
 a - a +0 robe (worn)
Scrolls
 d - a scroll of teleportation {unknown}
 e - 2 scrolls of identify {unknown}
 f - a scroll of blinking {unknown}
 g - a scroll of amnesia {unknown}
 h - a scroll of enchant weapon I {unknown}
 i - a scroll of random uselessness {unknown}
Potions
 j - a potion of agility {unknown}
Books
 c - a book of Conjurations

   Spells                             Type                      Level
   *Magic Dart                        Conjuration                  1
   *Searing Ray                       Conjuration                  2
   Dazzling Spray                     Conjuration/Hexes            3
   Iskenderun's Mystic Blast          Conjuration                  4
   Iskenderun's Battlesphere          Conjuration/Charms           4
   Fulminant Prism                    Conjuration/Hexes            5


   Skills:
 - Level 2.1 Dodging
 - Level 3.0 Stealth
 - Level 1.0 Spellcasting
 * Level 4.2 Conjurations


You had one spell level left.
You knew the following spells:

 Your Spells              Type           Power        Failure   Level  Hunger
a - Magic Dart            Conj           ###.         4%          1    ##.....
s - Searing Ray           Conj           ###...       8%          2    ###....


Dungeon Overview and Level Annotations

Branches:
Dungeon (3/16)

Altars:


Innate Abilities, Weirdness & Mutations

Your natural rate of healing is unusually fast.
You have razor-sharp teeth.*
You have supernaturally acute eyesight.
You can survive without breathing.*


Message History

Orders for allies: a - Attack new target. r - Retreat! s - Stop attacking. w - Wait here. f - Follow me.
Anything else - Stay silent.
You shout for attention!
The orc wizard moves out of view.
The kobold hits you with an elven dagger.
Casting: Searing Ray
Confirm with . or Enter, or press ? or * to list all spells.
Aiming: Searing Ray
Press: ? - help, Shift-Dir - straight line, f - kobold
Aim: a kobold, wielding an elven dagger You miscast Searing Ray.
You are very lightly contaminated with residual magic.
Your skin glows momentarily.
The kobold hits you but does no damage.
The kobold hits you with an elven dagger.
The orc priest calls down the wrath of Beogh upon you.
Something smites you!
Ouch! That really hurt!
You die...

#.# #.#
#########.#
..........#
#########.#
#.>.# #.#$#
#.#.# # #.#
#@# #K#


oo# o#?# ..#o# .. #.# ... ..# . ..# .## You could see an orc priest, an orc
wizard, 2 orcs and a kobold.

Vanquished Creatures
  An adder (D:2)
  2 worms
  A giant gecko (D:1)
  2 giant cockroaches (D:1)
  8 goblins
  8 hobgoblins (D:1)
  5 kobolds
  4 bats (D:1)
  5 giant newts
  2 jackals (D:1)
  11 rats
49 creatures vanquished.

Notes
Turn   | Place    | Note
--------------------------------------------------------------
     0 | D:1      | PolkaDot, the Vampire Conjurer, began the quest for the Orb.
     0 | D:1      | Reached XP level 1. HP: 13/13 MP: 4/4
   328 | D:1      | Reached XP level 2. HP: 19/19 MP: 2/5
   400 | D:1      | Learned a level 2 spell: Searing Ray
   677 | D:1      | Reached XP level 3. HP: 13/24 MP: 6/6
  1097 | D:2      | Reached skill level 4 in Conjurations
  1682 | D:3      | Killed from afar by an orc priest

Action                   || total
-------------------------++-------
Melee: Unarmed           ||    12
       Dagger            ||    94
 Cast: Magic Dart        ||    17
       Searing Ray       ||     2
  Use: Potion            ||     1
 Stab: Sleeping          ||     8
